 Dungeon Crawl Stone Soup version 0.31-a0-4-gefa6de2278 (webtiles) character file.

Game seed: 7986990405334491814

540 ytrimaz the Ducker (level 7, -8/45 HPs)
             Began as a Djinni Air Elementalist on May 3, 2023.
             Mangled by an ice beast (10 damage)
             ... on level 6 of the Dungeon.
             The game lasted 00:05:08 (3638 turns).

ytrimaz the Ducker (Djinni Air Elementalist)        Turns: 3638, Time: 00:05:08

Health: -8/45      AC:  2    Str:  7    XL:     7   Next: 51%
Gold:   216        EV: 14    Int: 19    God:
                   SH:  0    Dex: 13

rFire   + + .        (no weapon)
rCold   x . .        (no shield)
rNeg    . . .        a - +0 robe
rPois   ∞            (no helmet)
rElec   .            (no cloak)
rCorr   .            (no gloves)
SInv    .            (boots unavailable)
Will    .....        b - amulet of regeneration
Stlth   ++           (no ring)
HPRegen 1.07/turn    (no ring)
MPRegen 0.00/turn

%: infuse magic (-9 HP)
@: flying
A: sickness immunity, fire resistance 2, cold vulnerability 1, float, innate
caster, HP casting, extra vitality 1
a: no special abilities


You were on level 6 of the Dungeon.
You visited 1 branch of the dungeon, and saw 6 of its levels.

You collected 216 gold pieces.


Innate Abilities, Weirdness & Mutations

You are immune to sickness and miasma.
You are immune to poison.
Your flesh is very heat resistant. (rF++)
You are vulnerable to cold. (rC-)
You float through the air rather than walking.
You learn spells naturally, not from books.
Your magical power is your life essence.
You have superior vitality. (+4 MHP)


   Skills:
 + Level 6.1 Dodging
 - Level 1.5 Stealth
 + Level 4.7 Spellcasting


You knew the following spells:

 Your Spells              Type           Power      Damage    Failure   Level
a - Shock                 Conj/Air       88%        1d8       1%          1
b - Static Discharge      Conj/Air       44%        2-4/arc   2%          2
c - Swiftness             Air            22%        N/A       5%          3
d - Airstrike             Air            11%        2d(2-18)  19%         4
e - Foxfire               Conj/Fire      88%        2x1d8     1%          1
f - Searing Ray           Conj           44%        2d6       2%          2
g - Ozocubu's Armour      Ice            22%        N/A       5%          3
Your spell library was empty.

Inventory:

Armour
 a - a +0 robe (worn)
Jewellery
 b - an amulet of regeneration (around neck)
   (You found it on level 1 of the Dungeon)
Wands
 j - a wand of quicksilver (10)
   (You took it off Blork the orc on level 5 of the Dungeon)
Scrolls
 e - 2 scrolls of teleportation
 f - a scroll of fear
Potions
 c - a potion of magic
 d - a potion of curing {unknown}
 g - 2 potions of might
 h - a potion of lignification {unknown}
 i - a potion of attraction
 l - a potion of heal wounds {unknown}
 m - a potion of flight {unknown}

Dungeon Overview and Level Annotations

Branches:
Dungeon (6/15) Zot: 26993
 Temple: D:4-7

Altars:
Elyvilon
Trog
Uskayaw
Zin
The Shining One

Shops:
D:3 ? D:5

( . # # ..
.##.# ...
##..... ....
......# .....
...(...
......##Y5....#
.......@))....#
....#..)).....#
. #.....>.$.#
####...####
...# ...# #.##
.#


You could see an ice beast and a white imp.


Message History

Key pressed, stopping explore.
Key pressed, stopping explore.
There is an open door here.
Key pressed, stopping explore.
Found a glowing silver altar of Zin.
e - 2 scrolls of teleportation (gained 1)
There is an open door here.
Key pressed, stopping explore.
Key pressed, stopping explore.
There is a stone staircase leading down here.
Partly explored, can't reach some items.
Partly explored, can't reach some items.
As you read the scroll of identify, it crumbles to dust.
i - a potion of attraction
As you read the scroll labelled SIZUKHL FI KIOFO, it crumbles to dust.
You hear a loud clanging noise!
It was a scroll of noise.
Unknown command.
There is a stone staircase leading down here.
You fly downwards.
Found 5 stones and 8 gold pieces.
Found a stone staircase leading down.
There is a stone staircase leading up here.
Unknown command.
There are monsters nearby!
There are monsters nearby!
There are monsters nearby!
The zap hits the orc priest.
The orc shouts!
A white imp comes into view.
Unknown command.
The zap hits the orc priest.
The orc shouts!
The ice beast hits you but does no damage.
The orc priest barely misses you.
Casting: Shock (safe; 1% risk of failure)
Confirm with . or Enter, or press ? or * to list all spells.
The orc priest is struck by an arc of lightning.
The orc is struck by an arc of lightning.
The ice beast is struck by an arc of lightning.
The lightning grounds out.
The ice beast is struck by an arc of lightning.
You are struck by an arc of lightning.
The ice beast is struck by an arc of lightning.
The orc is struck by an arc of lightning.
You kill the orc!
The lightning grounds out.
The ice beast hits you. The ice beast freezes you!
You feel a terrible chill!
The orc priest hits you with a +0 whip. 😮 HP[-21]
You take 21 damage, and now have 24/45 hp.
MASSIVE DAMAGE!! (PAUSE)
Casting: Static Discharge (safe; 3% risk of failure)
Confirm with . or Enter, or press ? or * to list all spells.
The orc priest is struck by an arc of lightning.
The orc wizard is struck by an arc of lightning.
The orc is struck by an arc of lightning.
The orc priest is struck by an arc of lightning.
The lightning grounds out.
The orc wizard is struck by an arc of lightning.
You are struck by an arc of lightning.
* * * LOW HITPOINT WARNING * * *
The ice beast is struck by an arc of lightning.
The lightning grounds out.
* * * LOW HITPOINT WARNING * * *
The ice beast hits you.
* * * LOW HITPOINT WARNING * * *
The ice beast freezes you!
You feel a terrible chill!
* * * LOW HITPOINT WARNING * * *
The orc priest hits you with a +0 whip.
* * * LOW HITPOINT WARNING * * *
😱 HP[-16]
You take 16 damage, and now have 8/45 hp.
MASSIVE DAMAGE!! (PAUSE)
Casting: Static Discharge (safe; 3% risk of failure)
Confirm with . or Enter, or press ? or * to list all spells.
The orc wizard is struck by an arc of lightning.
The orc priest is struck by an arc of lightning.
You kill the orc priest!
The lightning grounds out.
* * * LOW HITPOINT WARNING * * *
The ice beast barely misses you.
The orc wizard hits you but does no damage.
Unknown command. 😱 HP[-1]
You take 1 damage, and now have 7/45 hp.
Unknown command.
Casting: Static Discharge (safe; 2% risk of failure)
Confirm with . or Enter, or press ? or * to list all spells.
The orc is struck by an arc of lightning.
You kill the orc!
The orc wizard is struck by an arc of lightning.
You kill the orc wizard!
The lightning grounds out.
* * * LOW HITPOINT WARNING * * *
The ice beast hits you.
* * * LOW HITPOINT WARNING * * *
The ice beast freezes you!
You feel a terrible chill!
You die...

Skill      XL: |  1  2  3  4  5  6  7 |
---------------+----------------------+-----
Dodging        | 3 4 5 6 |  6.1
Spellcasting   | 3 4 |  4.7
Stealth        | |  1.5

Action                     |  1- 3 |  4- 6 |  7- 9 || total
---------------------------+-------+-------+-------++-------
  Melee: Unarmed           |       |     4 |       ||     4
   Cast: Shock             |    61 |   149 |    19 ||   229
         Static Discharge  |     4 |    10 |     9 ||    23
         Searing Ray       |       |     1 |       ||     1
         Ozocubu's Armour  |       |       |     1 ||     1
    Use: Scroll            |       |     5 |     2 ||     7
 Armour: Robe              |     5 |     7 |     4 ||    16
  Dodge: Dodged            |    23 |    22 |     7 ||    52

Levels and vault maps discovered:
D:1:      minmay_arrival_three_doors, layout_basic
D:2:      layout_basic, hellmonk_ecumenical_altar_watching_god, st_stairs_11
D:3:      layout_basic, elyvilon_altar_4, serial_glass, glass_columns_a,
          glass_columns_b, serial_shops, shop
D:4:      layout_loops_corners, mainiacjoe_overflow_alcove_1, bloody_trog
D:5:      layout_loops_ring, mainiacjoe_overflow_swirl,
          small_statue_intersection, nicolae_shop_firing_range,
          uniq_blork_the_orc
D:6:      layout_loops_corners, xom_teletrap_fun, serial_bayou_pond_e,
          uniq_pikel

Notes
Turn   | Place    | Note
-------+----------+-------------------------------------------
     0 | D:1      | ytrimaz the Djinni Air Elementalist began the quest for the
                  | Orb.
     0 | D:1      | ytrimaz set off with the following spells memorised: Shock,
                  | Static Discharge, Swiftness, Airstrike.
     0 | D:1      | Reached XP level 1. HP: 15/15 MP: 0/0
     0 | D:1      | magus.rc [v1.9.6]
    72 | D:1      | Reached XP level 2. HP: 12/21 MP: 0/0
   551 | D:1      | Reached skill level 3 in Dodging
   551 | D:1      | Reached XP level 3. HP: 25/25 MP: 0/0
   551 | D:1      | Learned a level 1 spell: Foxfire
   691 | D:2      | Reached skill level 3 in Spellcasting
   750 | D:2      | Found a faded altar of an unknown god.
   751 | D:2      | Noticed a floating eye
   766 | D:2      | Reached XP level 4. HP: 15/31 MP: 0/0
   807 | D:2      | Noticed a great orb of eyes
   809 | D:2      | Noticed an eye of devastation
   809 | D:2      | Noticed a great orb of eyes
   958 | D:2      | magus.rc [v1.9.6]
  1514 | D:3      | Found a white marble altar of Elyvilon.
  1525 | D:3      | Reached skill level 4 in Dodging
  1525 | D:3      | Reached XP level 5. HP: 32/35 MP: 0/0
  1525 | D:3      | Learned a level 2 spell: Searing Ray
  1539 | D:3      | Found Uteoj's Magic Scroll Shoppe.
  2134 | D:4      | Reached XP level 6. HP: 40/40 MP: 0/0
  2257 | D:4      | Found a bloodstained altar of Trog.
  2551 | D:4      | Reached skill level 5 in Dodging
  2551 | D:4      | Reached skill level 4 in Spellcasting
  2599 | D:4      | Found a glowing golden altar of the Shining One.
  2741 | D:5      | Entered Level 5 of the Dungeon
  2765 | D:5      | Noticed Blork the orc
  2777 | D:5      | HP: 8/40 [Blork the orc/+0 battleaxe (4)]
  2778 | D:5      | Killed Blork the orc
  2884 | D:5      | Reached XP level 7. HP: 45/45 MP: 0/0
  2884 | D:5      | Learned a level 3 spell: Ozocubu's Armour
  2932 | D:5      | Found Ohauhet's Firing Range.
  2956 | D:5      | HP: 11/45 [/static electricity (3)]
  2959 | D:5      | Reached skill level 6 in Dodging
  3381 | D:5      | Found a hide-covered altar of Uskayaw.
  3518 | D:5      | Found a glowing silver altar of Zin.
  3636 | D:6      | HP: 10/45 [ice beast (9)]
  3638 | D:6      | HP: 2/45 [ice beast (4)]
  3638 | D:6      | Mangled by an ice beast

Vanquished Creatures
  An ice beast (D:5)
  Blork the orc (D:5)
  A hound (D:5)
  An orc priest (D:6)
  2 iguanas
  4 orc wizards
  7 adders
  A white imp (D:4)
  2 worms
  5 dart slugs
  16 orcs
  6 bats
  8 endoplasms
  6 giant cockroaches
  8 goblins
  7 hobgoblins
  9 jackals (D:2)
  3 quokkas
  2 ball pythons
  A frilled lizard (D:1)
  6 kobolds
  2 rats
99 creatures vanquished.

Table legend:
 A = Non-vault XP
 B = Vault XP
 C = Vault XP percentage of total XP
 D = Non-vault monster count
 E = Vault monster count
 F = Vault count percentage of total count
                 A         B        C        D         E       F
            +---------+---------+-------+---------+---------+-------
      Total |     703 |     107 |  13.2 |      94 |       5 |   5.1
            +---------+---------+-------+---------+---------+-------
        D:1 |      30 |       0 |   0.0 |      16 |       0 |   0.0
        D:2 |      79 |       8 |   9.2 |      28 |       4 |  12.5
        D:3 |      51 |       0 |   0.0 |      16 |       0 |   0.0
        D:4 |     232 |       0 |   0.0 |      21 |       0 |   0.0
        D:5 |     229 |      99 |  30.2 |       9 |       1 |  10.0
        D:6 |      82 |       0 |   0.0 |       4 |       0 |   0.0
            +---------+---------+-------+---------+---------+-------

Skill      XL: |  1  2  3  4  5  6  7 |
---------------+----------------------+-----
Dodging        | 3 4 5 6 |  6.1
Spellcasting   | 3 4 |  4.7
Stealth        | |  1.5

Action                     |  1- 3 |  4- 6 |  7- 9 || total
---------------------------+-------+-------+-------++-------
  Melee: Unarmed           |       |     4 |       ||     4
   Cast: Shock             |    61 |   149 |    19 ||   229
         Static Discharge  |     4 |    10 |     9 ||    23
         Searing Ray       |       |     1 |       ||     1
         Ozocubu's Armour  |       |       |     1 ||     1
    Use: Scroll            |       |     5 |     2 ||     7
 Armour: Robe              |     5 |     7 |     4 ||    16
  Dodge: Dodged            |    23 |    22 |     7 ||    52

Illustrated notes

Table legend:
 A = Kills in this place as a percentage of kills in the entire game.
 B = Kills by you in this place as a percentage of kills by you in the entire game.
 C = Kills by friends in this place as a percentage of kills by friends in the entire game.
 D = Other kills in this place as a percentage of other kills in the entire game.
 E = Experience gained in this place as a percentage of experience gained in the entire game.
 F = Experience gained in this place divided by the number of levels of this place that you have seen.
                   A       B       C       D       E      F
               +-------+-------+-------+-------+-------+----------------------
         Total | 100.0 | 100.0 |   N/A |   N/A | 100.0 | 135.0
       Dungeon | 100.0 | 100.0 |   N/A |   N/A | 100.0 | 135.0
               +-------+-------+-------+-------+-------+----------------------

Table legend: (Time is in decaauts)
 A = Elapsed time spent in this place.
 B = Non-inter-level travel time spent in this place.
 C = Inter-level travel time spent in this place.
 D = Time resting spent in this place.
 E = Time spent auto-exploring this place.
 F = Levels seen in this place.
 G = Mean time per level.
                   A        B        C        D        E       F      G
               +--------+--------+--------+--------+--------+-----+--------+
         Total |   3636 |   3454 |    182 |    112 |   2880 |   6 |  606.0 |
       Dungeon |   3636 |   3454 |    182 |    112 |   2880 |   6 |  606.0 |
               +--------+--------+--------+--------+--------+-----+--------+

Top non-repeatable levels by time:
     D:5: 890 daAuts
     D:4: 872 daAuts
     D:2: 725 daAuts
     D:1: 635 daAuts
     D:3: 506 daAuts
     D:6: 5 daAuts
